 Dungeon Crawl Stone Soup version 0.20-a0-959-gdc9e609 (webtiles) character file.

317 Firecrotchwizard the Ruffian (level 6, -4/62 HPs)
             Began as a Troll Monk on Apr 6, 2017.
             Slain by mobydollar's ghost (10 damage)
             ... on level 4 of the Dungeon.
             The game lasted 00:07:59 (1978 turns).

Firecrotchwizard the Ruffian (Troll Monk)           Turns: 1978, Time: 00:08:00

Health: -4/62      AC:  6    Str: 20    XL:     6   Next: 20%
Magic:  5/5        EV: 12    Int:  6    God:
Gold:   211        SH:  0    Dex: 14    Spells: 5/5 levels left

rFire    . . .     SeeInvis .     - Unarmed
rCold    . . .     Gourm    +   (no shield)
rNeg     . . .     Faith    .   m - -2 robe (curse)
rPois    .         Spirit   .   (helmet restricted)
rElec    .         Reflect  .   h - +2 cloak
rCorr    .         Harm     .   (gloves unavailable)
MR       .....                  (boots unavailable)
Stlth    ++........             (no amulet)
Regen    0.6/turn               (no ring)
MPRegen  0.1/turn               (no ring)

@: no status effects
A: unfitting armour, claws 3, fast metabolism 3, gourmand, regeneration 1,
shaggy fur 1, tough skin 2
a: no special abilities


You were on level 4 of the Dungeon.
You were very full.

You visited 1 branch of the dungeon, and saw 4 of its levels.

You collected 211 gold pieces.

Inventory:

Armour
 a - a +0 robe
 h - a +2 cloak (worn)
 m - a cursed -2 robe (worn)
Wands
 n - a wand of random effects (27/48)
Scrolls
 d - 3 scrolls of identify
 r - a scroll of blinking
Potions
 c - a potion of lignification
 e - 2 potions of cancellation {unknown}
 f - a potion of invisibility {unknown}
 g - a potion of might {unknown}
 i - a potion of haste {unknown}
 j - a potion of magic {unknown}
 k - a potion of heal wounds {unknown}
 q - a potion of curing
 s - a potion of ambrosia {unknown}
Comestibles
 b - 2 bread rations
 l - 2 meat rations
 o - 2 fruits


   Skills:
 + Level 4.1 Fighting
 + Level 4.2 Dodging
 - Level 2.1 Stealth
 * Level 4.3 Unarmed Combat


You had 5 spell levels left.
You didn't know any spells.

Dungeon Overview and Level Annotations

Branches:
Dungeon (4/15)
 Temple: D:4-7

Altars:

Annotations:
D:4 mobydollar's ghost, novice GrBe


Innate Abilities, Weirdness & Mutations

You are too large for most types of armour.
You have claws for hands.
Your metabolism is lightning-fast.
You like to eat raw meat.
Your natural rate of healing is unusually fast.
You are covered in fur. (AC +1)
You have very tough skin. (AC +2)


Message History

You closely miss mobydollar's ghost.
Mobydollar's ghost is almost destroyed.
Mobydollar's ghost hits you.
* * * LOW HITPOINT WARNING * * *
You scratch mobydollar's ghost but do no damage.
Mobydollar's ghost is almost destroyed.
Mobydollar's ghost hits you.
* * * LOW HITPOINT WARNING * * *
You scratch mobydollar's ghost but do no damage.
You claw mobydollar's ghost, but do no damage.
Mobydollar's ghost is almost destroyed.
Mobydollar's ghost hits you!
* * * LOW HITPOINT WARNING * * *
You closely miss mobydollar's ghost.
Mobydollar's ghost is almost destroyed.
Mobydollar's ghost misses you.
You closely miss mobydollar's ghost.
Mobydollar's ghost is almost destroyed.
Mobydollar's ghost hits you!
You die...

#.##### #.....#
##########.##
#...........#
#.........#.##
#.........#..# #.##...
#.....W...##.# #.!...#
#......@...#.# #.....#
#..........#.# #.....#
#..........#.# #.....#
#............# #.....###
#.........#..###........
#####.#####..#.....%....
#.# ##....#.....##.
#..###..#.####.##...
#......#......# ##


You could see mobydollar's ghost.

Vanquished Creatures
  An orc priest (D:3)
  A hound (D:4)
  Natasha (thrice) (D:2)
  A worker ant (D:4)
  3 adders (D:3)
  4 gnolls (D:3)
  An ooze (D:1)
  A dart slug (D:2)
  3 leopard geckos
  4 orcs (D:3)
  A ball python (D:1)
  5 bats
  16 giant cockroaches
  13 goblins
  6 hobgoblins
  A quokka (D:3)
  8 frilled lizards
  8 kobolds
  5 rats
85 creatures vanquished.

Notes
Turn   | Place    | Note
-------+----------+-------------------------------------------
     0 | D:1      | Firecrotchwizard the Troll Monk began the quest for the Orb.
     0 | D:1      | Reached XP level 1. HP: 23/23 MP: 0/0
   167 | D:1      | Reached skill level 1 in Unarmed Combat
   167 | D:1      | Reached XP level 2. HP: 31/31 MP: 1/1
   440 | D:2      | Reached XP level 3. HP: 37/37 MP: 2/2
   868 | D:2      | Noticed Natasha
   877 | D:2      | Killed Natasha
   877 | D:2      | Reached XP level 4. HP: 42/45 MP: 3/3
   964 | D:2      | Noticed Natasha
   968 | D:2      | Killed Natasha
   982 | D:2      | Noticed Natasha
   993 | D:2      | Killed Natasha
  1095 | D:3      | Reached XP level 5. HP: 54/54 MP: 4/4
  1777 | D:4      | Reached XP level 6. HP: 47/62 MP: 5/5
  1839 | D:4      | Noticed mobydollar's ghost (novice GrBe)
  1978 | D:4      | Slain by mobydollar's ghost

Vault maps used:
D:1:      minmay_arrival_solitary_statue, minmay_misc_feat_tower
D:2:      minmay_roachtagon, uniq_natasha
D:4:      first_bread, uniq_edmund

Skill      XL: |  1  2  3  4  5 |
---------------+----------------+-----
Unarmed Combat | 1 2 3 4 |  4.3
Dodging        | 4 |  4.2
Fighting       | 4 |  4.1
Stealth        | |  2.1

Action                   |  1- 3 |  4- 6 || total
-------------------------+-------+-------++-------
Melee: Unarmed           |   141 |   145 ||   286
       Punch             |     1 |     2 ||     3
  Use: Scroll            |     3 |     3 ||     6
 Stab: Sleeping          |     2 |     4 ||     6
  Eat: Chunk             |    14 |     9 ||    23
Armor: Robe              |    57 |    56 ||   113
Dodge: Dodged            |   104 |    58 ||   162
